 Dungeon Crawl Stone Soup version 0.26-a0-646-g5d7718319a (webtiles) character file.

Game seed: 14867098500805497180

4928 Gargoyl the Fighter (level 10, -3/123 HPs)
             Began as a Gnoll Abyssal Knight on Sept 24, 2020.
             Was an Elder of Lugonu.
             Slain by a slime creature (11 damage)
             ... on level 7 of the Dungeon.
             The game lasted 00:14:20 (10149 turns).

Gargoyl the Fighter (Gnoll Abyssal Knight)         Turns: 10149, Time: 00:14:20

Health: -3/123     AC: 25    Str: 18    XL:     10   Next: 52%
Magic:  18/18      EV:  2    Int: 14    God:    Lugonu [****..]
Gold:   507        SH:  0    Dex: 21    Spells: 19/19 levels left

rFire    . . .     SeeInvis .   D - +2 great sword (elec)
rCold    . . .     Faith    .   (shield currently unavailable)
rNeg     + + +     Spirit   .   (armour currently unavailable)
rPois    +         Reflect  .   (helmet currently unavailable)
rElec    .         Harm     .   (cloak currently unavailable)
rCorr    .         Rampage  .   (gloves currently unavailable)
MR       .....     NoTele   +   (boots currently unavailable)
Stlth    +++.......             d - amulet of the acrobat
HPRegen  0.30/turn              c - +4 ring of evasion
MPRegen  0.16/turn              p - +6 ring of dexterity

@: tree-form
A: distributed training, strong nose
a: Depart the Abyss, Bend Space, Banish, Corrupt, Renounce Religion


You were on level 7 of the Dungeon.
You worshipped Lugonu.
Lugonu was greatly pleased with you.
You were a tree.
You visited 1 branch of the dungeon, and saw 8 of its levels.
You visited the Abyss 1 time.
You also visited: Ossuary.

You collected 642 gold pieces.
You spent 135 gold pieces at shops.

Inventory:

Hand Weapons
 a - a +1 hand axe
 r - a +0 war axe
 D - a +2 great sword of electrocution (weapon)
Missiles
 j - 5 javelins (quivered)
 E - 9 silver javelins
Armour
 i - a +0 helmet (melded)
 u - a +0 cloak (melded)
 C - a +0 kite shield
 G - a +1 chain mail of poison resistance (melded)
 H - a +2 buckler
Jewellery
 c - a +4 ring of evasion (left branch)
 d - an amulet of the acrobat (around neck)
 h - an uncursed ring of see invisible
 p - a +6 ring of dexterity (right branch)
Wands
 b - a wand of polymorph (10)
 n - a wand of iceblast (10)
 q - a wand of acid (5)
 y - a wand of disintegration (35)
Scrolls
 e - 6 scrolls of identify
 f - 2 scrolls of fear
 l - 3 scrolls of remove curse
 v - a scroll of vulnerability {unknown}
 w - a scroll of fog
 F - 3 scrolls of magic mapping
Potions
 g - 4 potions of invisibility
 k - 2 potions of ambrosia
 m - a potion of brilliance
 o - 3 potions of berserk rage {unknown}
 s - 2 potions of haste {unknown}
 t - a potion of degeneration {unknown}
 x - a potion of cancellation {unknown}
 z - 2 potions of curing {unknown}
 B - 2 potions of heal wounds {unknown}


   Skills:
 + Level 8.5 Fighting
 + Level 5.3 Short Blades
 + Level 5.3 Long Blades
 + Level 7.1 Axes
 + Level 5.3 Maces & Flails
 + Level 5.3 Polearms
 + Level 5.3 Staves
 + Level 5.3 Slings
 + Level 5.3 Bows
 + Level 5.3 Crossbows
 + Level 5.3 Throwing
 + Level 7.1 Armour
 + Level 6.0 Dodging
 + Level 5.3 Stealth
 + Level 5.3 Shields
 + Level 5.3 Unarmed Combat
 + Level 5.3 Spellcasting
 + Level 4.4 Conjurations
 + Level 4.4 Hexes
 + Level 4.4 Summonings
 + Level 4.4 Necromancy
 + Level 4.4 Translocations
 + Level 4.4 Transmutations
 + Level 4.4 Fire Magic
 + Level 4.4 Ice Magic
 + Level 4.4 Air Magic
 + Level 4.4 Earth Magic
 + Level 4.4 Poison Magic
 + Level 7.5 Invocations
 + Level 5.3 Evocations


You had 19 spell levels left.
You didn't know any spells.
Your spell library contained the following spells:

 Spells                   Type           Power        Failure   Level
 Magic Dart               Conj           ###.         2%          1
 Blink                    Tloc           N/A          4%          2
 Call Imp                 Summ           ###.....     4%          2
 Slow                     Hex            ###.....     4%          2
 Conjure Flame            Conj/Fire      ###.....     9%          3
 Mephitic Cloud           Conj/Pois/Air  ###.....     9%          3


Dungeon Overview and Level Annotations

Branches:
Dungeon (8/15)             Temple (0/1) D:6            Lair (0/6) D:8
Ossuary (visited)

Altars:
Ashenzari
Dithmenos
Elyvilon
Gozag
Kikubaaqudgha
Nemelex Xobeh
Okawaru
Qazlal
Ru
Uskayaw
Yredelemnul
The Shining One

Shops:
D:8 [

Annotations:
Abyss:1 Prince Ribbit


Innate Abilities, Weirdness & Mutations

Your experience applies equally to all skills.
((You have very sharp teeth.))
Your uncanny sense of smell can sniff out nearby items.


Message History

The slime creature hits you!
* * * LOW HITPOINT WARNING * * *
You slice the slime creature!!
The slime creature is moderately wounded.
The slime creature hits you but does no damage.
The slime creature hits you!
* * * LOW HITPOINT WARNING * * *
Unknown command.
You slice the slime creature!!
The slime creature is severely wounded.
The slime creature hits you!
* * * LOW HITPOINT WARNING * * *
The slime creature hits you but does no damage.
The slime creature barely misses you.
Unknown command.
You slice the slime creature!!
The slime creature is almost dead.
The slime creature hits you but does no damage.
The slime creature hits you!
You die...

.................................
........8.....8..................
.................................
..###............................
..###..8...∩...8.................
#................................
#................................
#.......8.....8..................
#...............♣................
#..........8...JJ......#####...<#
#.......#####..............#..###
#.......# #..........###.#..#
#.......# #..........# #.#..#
#.......# ####.##.#### #.#..#
#.......########>##.######.#..#
###........................#..#
#.###############.########..#


You could see 2 slime creatures.

Vanquished Creatures
  Joseph (D:7)
  2 slime creatures (D:8)
  Sigmund (D:4)
  A wraith (D:8)
  2 porcupines (D:8)
  3 sky beasts
  2 orc warriors
  3 phantoms
  A centaur (D:7)
  5 ogres
  A crocodile (D:8)
  A big kobold (D:8)
  An elf zombie (Ossuary)
  4 bullfrogs
  A gnoll sergeant (D:6)
  A scorpion (D:7)
  9 killer bees
  3 wights (D:8)
  4 howler monkeys
  A quasit (D:8)
  3 centaur zombies (Ossuary)
  Crazy Yiuf (D:3)
  3 jellies
  An orc priest (D:5)
  4 hounds
  A bullfrog skeleton (D:5)
  7 worker ants
  3 iguanas
  An orc wizard (D:7)
  2 big kobold zombies (Ossuary)
  A hound skeleton (D:5)
  3 mummies
  2 worker ant zombies (D:5)
  7 gnolls
  6 adders
  2 shadow imps
  A white imp (D:5)
  4 oozes
  2 adder skeletons
  An adder zombie (Ossuary)
  2 worms
  A dart slug (D:1)
  2 leopard geckos
  16 orcs
  8 giant cockroaches
  8 goblins
  3 hobgoblins
  9 jackals
  3 quokkas (D:6)
  A ball python (D:7)
  5 bats
  A frilled lizard (D:1)
  2 goblin zombies
  12 hobgoblin zombies (Ossuary)
  A jackal skeleton (D:7)
  A jackal zombie (Ossuary)
  28 kobolds
  8 kobold zombies
  A leopard gecko skeleton (D:6)
  A leopard gecko zombie (D:5)
  7 orc zombies (Ossuary)
  A quokka zombie (D:8)
  10 rats
  A rat zombie (Ossuary)
234 creatures vanquished.

Vanquished Creatures (others)
  13 fungi (D:8)
  63 plants (D:8)
76 creatures vanquished.

Grand Total: 310 creatures vanquished

Notes
Turn   | Place    | Note
-------+----------+-------------------------------------------
     0 | Abyss:1  | Gargoyl the Gnoll Abyssal Knight began the quest for the
                  | Orb.
     0 | Abyss:1  | Reached XP level 1. HP: 23/23 MP: 3/3
    28 | Abyss:1  | Found a corrupted altar of Lugonu.
    44 | Abyss:2  | Noticed a blizzard demon
    91 | Abyss:2  | Noticed a small abomination
   110 | Abyss:2  | Noticed a large abomination
   129 | D:1      | Escaped the Abyss
   300 | D:1      | Reached XP level 2. HP: 29/29 MP: 5/5
   374 | D:1      | Reached * piety under Lugonu
   573 | D:1      | Reached XP level 3. HP: 29/35 MP: 6/6
  1142 | D:2      | Found a basalt altar of Yredelemnul.
  1195 | D:2      | Reached skill level 1 in Short Blades
  1195 | D:2      | Reached skill level 1 in Long Blades
  1195 | D:2      | Reached skill level 1 in Maces & Flails
  1195 | D:2      | Reached skill level 1 in Polearms
  1195 | D:2      | Reached skill level 1 in Staves
  1195 | D:2      | Reached skill level 1 in Slings
  1195 | D:2      | Reached skill level 1 in Bows
  1195 | D:2      | Reached skill level 1 in Crossbows
  1195 | D:2      | Reached skill level 1 in Throwing
  1195 | D:2      | Reached skill level 1 in Stealth
  1195 | D:2      | Reached skill level 1 in Shields
  1195 | D:2      | Reached skill level 1 in Unarmed Combat
  1195 | D:2      | Reached skill level 1 in Spellcasting
  1195 | D:2      | Reached skill level 1 in Evocations
  1257 | D:2      | Reached XP level 4. HP: 41/41 MP: 7/7
  1538 | D:2      | Found a broken altar of Ashenzari.
  1684 | D:2      | Found a white marble altar of Elyvilon.
  1953 | D:3      | Reached ** piety under Lugonu
  1956 | D:3      | Found an iron altar of Okawaru.
  2059 | D:3      | Found a runed translucent door.
  2060 | D:3      | Noticed Crazy Yiuf
  2217 | D:3      | Reached skill level 1 in Conjurations
  2217 | D:3      | Reached skill level 1 in Hexes
  2217 | D:3      | Reached skill level 1 in Summonings
  2217 | D:3      | Reached skill level 1 in Necromancy
  2217 | D:3      | Reached skill level 1 in Translocations
  2217 | D:3      | Reached skill level 1 in Transmutations
  2217 | D:3      | Reached skill level 1 in Fire Magic
  2217 | D:3      | Reached skill level 1 in Ice Magic
  2217 | D:3      | Reached skill level 1 in Air Magic
  2217 | D:3      | Reached skill level 1 in Earth Magic
  2217 | D:3      | Reached skill level 1 in Poison Magic
  2303 | D:3      | Found a sparkling altar of Nemelex Xobeh.
  2304 | D:3      | Found an opulent altar of Gozag.
  2457 | D:3      | Killed Crazy Yiuf
  2457 | D:3      | Reached XP level 5. HP: 14/47 MP: 8/8
  3065 | D:4      | Found an ancient bone altar of Kikubaaqudgha.
  3118 | D:4      | Reached skill level 5 in Invocations
  3150 | D:4      | Reached XP level 6. HP: 34/53 MP: 9/9
  3350 | D:4      | Reached skill level 5 in Axes
  3350 | D:4      | Reached skill level 5 in Armour
  3453 | D:4      | Noticed Sigmund
  3482 | D:4      | Killed Sigmund
  3482 | D:4      | Reached XP level 7. HP: 59/59 MP: 10/10
  3739 | D:5      | Entered Level 5 of the Dungeon
  3760 | D:5      | Reached skill level 7 in Fighting
  4243 | D:5      | Found a sand-covered staircase.
  4254 | Ossuary  | Entered an ossuary
  4423 | Ossuary  | Reached *** piety under Lugonu
  4642 | Ossuary  | Reached XP level 8. HP: 65/67 MP: 12/12
  4911 | D:5      | Noticed Prince Ribbit
  4912 | D:5      | Banished Prince Ribbit
  5575 | D:6      | Reached XP level 9. HP: 26/72 MP: 14/14
  6103 | D:6      | Reached **** piety under Lugonu
  6695 | D:6      | Found a staircase to the Ecumenical Temple.
  6806 | D:6      | Reached skill level 5 in Dodging
  7702 | D:7      | Noticed Joseph
  7710 | D:7      | Reached skill level 8 in Fighting
  7717 | D:7      | Killed Joseph
  7982 | D:7      | Found a sacrificial altar of Ru.
  7983 | D:7      | Found a glowing golden altar of the Shining One.
  7983 | D:7      | Found a stormy altar of Qazlal.
  7984 | D:7      | Found a hide-covered altar of Uskayaw.
  8366 | D:7      | Found a shadowy altar of Dithmenos.
  8719 | D:8      | Reached XP level 10. HP: 75/80 MP: 17/17
  8849 | D:8      | Reached skill level 5 in Short Blades
  8849 | D:8      | Reached skill level 5 in Long Blades
  8849 | D:8      | Reached skill level 5 in Maces & Flails
  8849 | D:8      | Reached skill level 5 in Polearms
  8849 | D:8      | Reached skill level 5 in Staves
  8849 | D:8      | Reached skill level 5 in Slings
  8849 | D:8      | Reached skill level 5 in Bows
  8849 | D:8      | Reached skill level 5 in Crossbows
  8849 | D:8      | Reached skill level 5 in Throwing
  8849 | D:8      | Reached skill level 5 in Stealth
  8849 | D:8      | Reached skill level 5 in Shields
  8849 | D:8      | Reached skill level 5 in Unarmed Combat
  8849 | D:8      | Reached skill level 5 in Spellcasting
  8849 | D:8      | Reached skill level 5 in Evocations
  9340 | D:8      | Found a staircase to the Lair.
  9353 | D:8      | Found Vaateumm's Armour Boutique.
  9361 | D:8      | Bought a +1 chain mail of poison resistance for 135 gold
                  | pieces
  9823 | D:8      | Identified the +2 leather armour of Spite {rElec rF- Str+3
                  | Dex+8}
 10041 | D:8      | HP: 3/82 [large slime creature (34)]
 10149 | D:7      | Slain by a slime creature

Illustrated notes

Levels and vault maps discovered:
D:1:      dpeg_arrival_tiny_d, layout_loops_ring, grunt_decor_resistance,
          kennysheep_flooded_box, st_stairs_14
D:2:      layout_loops_ring, kennysheep_ying_yang, ashenzari_altar_1
D:3:      layout_loops_ring, grunt_temple_overflow_opulence,
          okawaru_ov_weapons_minmay, uniq_crazy_yiuf_cottage
D:4:      layout_cave_pools, overflow_temple_1_default, skrybe_limestone_x,
          minmay_strange_pillars, minmay_misc_feat_diagonals, uniq_sigmund
D:5:      layout_gridville, nicolae_ossuary_entry_giza, uniq_prince_ribbit1
D:6:      layout_basic, lemuel_temple_firewalk_b
D:7:      layout_basic, kennysheep_mini_moat,
          chequers_temple_overflow_statue_of_worship, enter_bailey_6,
          uniq_joseph
D:8:      kennysheep_kobold_camp, layout_basic, grunt_lair_entry_orc_guard_hut,
          serial_shops, shop_coins

Skill      XL: |  1  2  3  4  5  6  7  8  9 10 |
---------------+-------------------------------+-----
Short Blades   | 1 2 3 4 5 |  5.3
Long Blades    | 1 2 3 4 5 |  5.3
Maces & Flails | 1 2 3 4 5 |  5.3
Polearms       | 1 2 3 4 5 |  5.3
Staves         | 1 2 3 4 5 |  5.3
Slings         | 1 2 3 4 5 |  5.3
Bows           | 1 2 3 4 5 |  5.3
Crossbows      | 1 2 3 4 5 |  5.3
Throwing       | 1 2 3 4 5 |  5.3
Stealth        | 1 2 3 4 5 |  5.3
Shields        | 1 2 3 4 5 |  5.3
Unarmed Combat | 1 2 3 4 5 |  5.3
Spellcasting   | 1 2 3 4 5 |  5.3
Evocations     | 1 2 3 4 5 |  5.3
Conjurations   | 1 2 3 4 |  4.4
Hexes          | 1 2 3 4 |  4.4
Summonings     | 1 2 3 4 |  4.4
Necromancy     | 1 2 3 4 |  4.4
Translocations | 1 2 3 4 |  4.4
Transmutations | 1 2 3 4 |  4.4
Fire Magic     | 1 2 3 4 |  4.4
Ice Magic      | 1 2 3 4 |  4.4
Air Magic      | 1 2 3 4 |  4.4
Earth Magic    | 1 2 3 4 |  4.4
Poison Magic   | 1 2 3 4 |  4.4
Dodging        | 3 4 5 6 |  6.0
Invocations    | 5 6 7 |  7.5
Axes           | 5 6 7 |  7.1
Armour         | 5 6 7 |  7.1
Fighting       | 7 8 |  8.5

Action                   |  1- 3 |  4- 6 |  7- 9 | 10-12 || total
-------------------------+-------+-------+-------+-------++-------
Melee: Hand axe          |    98 |   167 |   592 |    71 ||   928
       Bite              |    11 |    23 |    91 |    22 ||   147
       Punch             |       |       |    10 |       ||    10
       Great sword       |       |       |       |    64 ||    64
Throw: Javelin           |       |     4 |    22 |    17 ||    43
Invok: Depart the Abyss  |     1 |       |       |       ||     1
       Bend Space        |       |       |     4 |       ||     4
       Banish            |       |       |     1 |       ||     1
Evoke: Wand              |       |       |     2 |       ||     2
  Use: Scroll            |     5 |     8 |     4 |     1 ||    18
       Potion            |       |     2 |       |     1 ||     3
Armor: Leather armour    |     3 |       |       |       ||     3
       Chain mail        |    25 |    63 |   119 |    41 ||   248
       Skin              |       |    10 |       |     4 ||    14
       Plate armour      |       |       |   215 |    11 ||   226
Dodge: Dodged            |    93 |   108 |   539 |   127 ||   867
Block: Kite shield       |       |       |       |    17 ||    17
       Rpst.: Great sword |       |       |       |    33 ||    33

Table legend: (Time is in decaauts)
 A = Elapsed time spent in this place.
 B = Non-inter-level travel time spent in this place.
 C = Inter-level travel time spent in this place.
 D = Time resting spent in this place.
 E = Time spent auto-exploring this place.
 F = Levels seen in this place.
 G = Mean time per level.
                   A        B        C        D        E       F      G
               +--------+--------+--------+--------+--------+-----+--------+
         Total |  10211 |  10070 |    141 |   2450 |   5109 |  11 |  928.3 |
       Dungeon |   9626 |   9485 |    141 |   2404 |   4926 |   8 | 1203.2 |
         Abyss |    128 |    128 |      0 |      0 |     61 |   2 |   64.0 |
       Ossuary |    456 |    456 |      0 |     46 |    122 |   1 |  456.0 |
               +--------+--------+--------+--------+--------+-----+--------+

Top non-repeatable levels by time:
     D:6: 1885 daAuts
     D:8: 1698 daAuts
     D:5: 1428 daAuts
     D:1: 995 daAuts
     D:4: 990 daAuts
     D:7: 988 daAuts
     D:3: 963 daAuts
     D:2: 677 daAuts
 Ossuary: 456 daAuts
 Abyss:2: 93 daAuts
 Abyss:1: 35 daAuts
